 Dungeon Crawl Stone Soup version 0.19-a0-1626-g5215c36 (webtiles) character file.

21684 4thArraOfDagon the Grappler (level 12, -9/98 HPs)
             Began as a Troll Warper on Sept 18, 2016.
             Was a High Priest of Cheibriados.
             Shot with an arrow by a deep elf archer (22 damage)
             ... on level 2 of the Orcish Mines.
             The game lasted 00:28:24 (5598 turns).

4thArraOfDagon the Grappler (Troll Warper)          Turns: 5598, Time: 00:28:25

Health: -9/98      AC:  9    Str: 33    XL:     12   Next: 56%
Magic:  17/17      EV: 16    Int: 24    God:    Cheibriados [*****.]
Gold:   1327       SH: 13    Dex: 22    Spells: 3 memorised, 6 levels left

rFire  . . .     SeeInvis .       - Unarmed
rCold  + . .     Gourm    +     y - +2 robe {rC+}
rNeg   + . .     Faith    .     o - +0 shield
rPois  +         Spirit   .     (helmet restricted)
rElec  .         Dismiss  .     k - +1 cloak
rCorr  .         Reflect  .     (gloves unavailable)
MR     .....     Harm     .     (boots unavailable)
Stlth  ++........               (no amulet)
                                w - ring of poison resistance
                                e - ring of positive energy

@: slowed, very slow
A: unfitting armour, claws 3, thin skeletal structure 1, fast metabolism 3,
frail 1, gourmand, regeneration 1, shaggy fur 1, tough skin 2, subdued magic 1,
sturdy frame 1
a: Bend Time, Temporal Distortion, Slouch, Step From Time, Renounce Religion


You were on level 2 of the Orcish Mines.
You worshipped Cheibriados.
Cheibriados was extremely pleased with you.
You were not hungry.

You visited 2 branches of the dungeon, and saw 17 of its levels.

You collected 1327 gold pieces.

Inventory:

Hand Weapons
 E - a +0 blowgun
Missiles
 d - 4 tomahawks of dispersal (quivered)
 q - 2 tomahawks
 G - 7 large rocks
 L - 3 throwing nets
 M - a tomahawk of returning
Armour
 a - a +0 robe
 k - a +1 cloak (worn)
 o - a +0 shield (worn)
 y - a +2 robe of cold resistance (worn)
Jewellery
 e - a ring of positive energy (left claw)
 j - an uncursed ring of protection from fire
 w - a ring of poison resistance (right claw)
Wands
 l - a wand of lightning (7/15)
 p - a wand of enslavement (12/24)
 s - a wand of paralysis (0/24)
 t - a wand of lightning (8/15)
 x - a wand of polymorph (14/24)
 z - a wand of digging (8/24)
 B - a wand of slowing (17/48)
 D - a wand of acid (8/15)
Scrolls
 c - 3 scrolls of blinking
 g - 2 scrolls of remove curse
 n - 3 scrolls of enchant weapon
 I - a scroll of immolation
 J - 2 scrolls of teleportation
 K - 2 scrolls of fear
Potions
 h - a potion of magic
 i - a potion of brilliance
 m - 3 potions of ambrosia {unknown}
 u - 3 potions of heal wounds {unknown}
 v - 3 potions of haste
 A - a potion of invisibility {unknown}
 C - 2 potions of curing {unknown}
 F - 2 potions of berserk rage
 H - a potion of cancellation {unknown}
 P - a potion of agility
Books
 b - a book of Spatial Translocations

   Spells                             Type                      Level
   a - Apportation                    Translocation                1
   b - Blink                          Translocation                2
   c - Shroud of Golubria             Charms/Translocation         2
   d - Portal Projectile              Translocation                3
   e - Teleport Other                 Translocation                3
   f - Passage of Golubria            Translocation                4
Comestibles
 f - 3 bread rations
 r - 9 meat rations


   Skills:
 + Level 4.4 Fighting
 - Level 0.8 Throwing
 + Level 7.8 Dodging
 + Level 7.8 Shields
 * Level 13.2 Unarmed Combat
 - Level 1.2 Spellcasting
 - Level 2.1 Translocations
 + Level 8.3 Invocations


You had 6 spell levels left.
You knew the following spells:

 Your Spells              Type           Power        Failure   Level  Hunger
a - Apportation           Tloc           #.........   6%          1    #......
b - Blink                 Tloc           N/A          10%         2    ###....
c - Passage of Golubria   Tloc           N/A          65%         4    #####..


Dungeon Overview and Level Annotations

Branches:
Dungeon (15/15)            Temple (0/1) D:7            Lair (0/6) D:9
    Orc (2/2) D:9             Elf (0/3) Orc:2
 Vaults: D:13-14     Depths: D:15

Altars:
Cheibriados
Elyvilon
Gozag
Uskayaw
Vehumet
Yredelemnul
The Shining One

Shops:
Orc:1 [   Orc:2 :

Annotations:
D:13 Sonja


Innate Abilities, Weirdness & Mutations

You are too large for most types of armour.
You have claws for hands.
Your metabolism is lightning-fast.
You like to eat raw meat.
Your natural rate of healing is unusually fast.
You are covered in fur. (AC +1)
You have very tough skin. (AC +2)
You have a somewhat thin skeletal structure. (Dex +2, Stealth)
You are frail. (-10% HP)
Your spells are a little easier to cast, but a little less powerful.
Your movements are slightly less encumbered by armour. (ER -2)


Message History

The deep elf archer is heavily wounded.
You block the deep elf archer's attack.
You miss the deep elf archer.
The deep elf archer is heavily wounded.
The deep elf archer blinks!
The deep elf archer unwields an uncursed short sword.
The deep elf archer wields an uncursed shortbow of flaming.
It bursts into flame!
The deep elf archer shoots an arrow.
You block the arrow.
The deep elf archer shoots an arrow.
You block the arrow.
You see here an arrow.
The deep elf archer shoots an arrow.
The arrow completely misses you.
The deep elf archer shoots an arrow.
You block the arrow.
The deep elf archer shoots an arrow.
The arrow hits you!! The arrow burns you.
You see here an arrow.
The deep elf archer shoots an arrow.
The arrow hits you!!
* * * LOW HITPOINT WARNING * * *
The arrow burns you.
* * * LOW HITPOINT WARNING * * *
The deep elf archer shoots an arrow.
The arrow hits you!!
You die...

#######################
......#.......#.#.#.#.#.#
.............(.(.......$.
...............).(.......
................(........
................(>......#
................@........
........................#
........................#
.........................
...............e.........
........................
........................
........................
..............#


You could see a deep elf archer.

Vanquished Creatures
  Josephine (Orc:2)
  The ghost of Gruesome the Spry, a journeyman SpAs of Dithmenos (Orc:2)
  Harold (D:10)
  2 centaur warriors
  4 unseen horrors
  3 hill giants
  A deep elf mage (D:13)
  An ugly thing (D:11)
  An orc sorcerer (Orc:1)
  2 cyclopes (D:11)
  A manticore (D:14)
  Joseph (D:7)
  An elephant (D:9)
  A kobold demonologist (D:13)
  3 trolls
  3 two-headed ogres (D:14)
  A blink frog (shapeshifter) (D:15)
  A wolf spider simulacrum (D:14)
  4 slime creatures (D:12)
  2 shadows (D:11)
  3 wraiths (Orc:2)
  6 yaks
  Sigmund (D:6)
  3 wyverns
  2 hungry ghosts (D:14)
  A basilisk (D:11)
  A warg (Orc:1)
  Edmund (D:6)
  An ice beast (D:8)
  5 orc warriors
  5 sky beasts
  5 ogres
  A necrophage (D:7)
  2 eyes of draining
  2 wasps
  8 centaurs
  A crocodile (D:9)
  A big kobold (D:13)
  5 bullfrogs
  A gnoll sergeant (D:10)
  4 scorpions
  2 water moccasin skeletons
  5 killer bees
  2 howler monkeys
  4 wights (D:7)
  3 crimson imps
  2 centaur zombies
  3 jellies
  4 centaur skeletons
  5 hounds
  5 orc priests
  3 bullfrog skeletons
  6 orc wizards
  2 iguanas
  7 worker ants
  8 gnolls
  9 adders
  4 shadow imps
  A worm (D:6)
  2 leopard geckos
  40 orcs
  2 bats
  4 giant cockroaches
  2 goblins
  5 hobgoblins
  2 quokkas
  2 frilled lizards (D:3)
  7 kobolds
  2 leopard gecko skeletons
  A leopard gecko zombie (D:5)
  A rat (D:2)
239 creatures vanquished.

Vanquished Creatures (collateral kills)
  An orc warrior (Orc:2)
  An orc wizard (Orc:2)
  An orc (Orc:2)
3 creatures vanquished.

Grand Total: 242 creatures vanquished

Notes
Turn   | Place    | Note
-------+----------+-------------------------------------------
     0 | D:1      | 4thArraOfDagon the Troll Warper began the quest for the Orb.
     0 | D:1      | Reached XP level 1. HP: 19/19 MP: 1/1
     6 | D:1      | Noticed an iguana
     6 | D:1      | Noticed a soldier ant
     6 | D:1      | Noticed a hell rat
     6 | D:1      | Noticed a frost giant
   146 | D:2      | Found a hide-covered altar of Uskayaw.
   234 | D:3      | Reached skill level 3 in Unarmed Combat
   234 | D:3      | Reached XP level 2. HP: 12/27 MP: 2/2
   252 | D:3      | Learned a level 2 spell: Blink
   370 | D:3      | Reached XP level 3. HP: 30/33 MP: 3/3
   518 | D:3      | Found an opulent altar of Gozag.
   520 | D:3      | Found a basalt altar of Yredelemnul.
   525 | D:3      | Found a snail-covered altar of Cheibriados.
   532 | D:3      | Became a worshipper of Cheibriados the Contemplative
   557 | D:3      | Noticed a scorpion
   566 | D:3      | Killed a scorpion
   566 | D:3      | Reached skill level 1 in Shields
   566 | D:3      | Reached skill level 4 in Unarmed Combat
   566 | D:3      | Reached XP level 4. HP: 22/41 MP: 4/4
   668 | D:3      | Found a white marble altar of Elyvilon.
   758 | D:4      | Reached skill level 1 in Invocations
   784 | D:4      | Reached XP level 5. HP: 43/48 MP: 5/5
   803 | D:4      | Found a radiant altar of Vehumet.
   870 | D:4      | Found a glowing golden altar of the Shining One.
   973 | D:5      | Entered Level 5 of the Dungeon
  1009 | D:5      | Reached skill level 5 in Unarmed Combat
  1009 | D:5      | Reached XP level 6. HP: 37/55 MP: 6/6
  1060 | D:5      | Reached * piety under Cheibriados
  1314 | D:6      | Noticed Edmund
  1317 | D:6      | Noticed Sigmund
  1328 | D:6      | Killed Edmund
  1328 | D:6      | Reached XP level 7. HP: 62/62 MP: 7/7
  1347 | D:6      | Killed Sigmund
  1347 | D:6      | Reached skill level 6 in Unarmed Combat
  1447 | D:7      | Noticed Joseph
  1539 | D:7      | Reached ** piety under Cheibriados
  1602 | D:7      | Found a staircase to the Ecumenical Temple.
  1647 | D:7      | Reached XP level 8. HP: 65/70 MP: 9/9
  1686 | D:7      | Killed Joseph
  1686 | D:7      | Reached skill level 7 in Unarmed Combat
  1919 | D:8      | Reached skill level 8 in Unarmed Combat
  2030 | D:8      | Reached XP level 9. HP: 75/76 MP: 11/11
  2162 | D:9      | Reached *** piety under Cheibriados
  2196 | D:10     | Entered Level 10 of the Dungeon
  2340 | D:11     | Reached skill level 9 in Unarmed Combat
  2340 | D:11     | Reached skill level 5 in Invocations
  2448 | D:11     | Reached skill level 5 in Dodging
  2497 | D:11     | Noticed a hill giant
  2551 | D:11     | Killed a hill giant
  2551 | D:11     | Reached skill level 5 in Shields
  2551 | D:11     | Reached XP level 10. HP: 70/85 MP: 13/13
  2568 | D:12     | Reached **** piety under Cheibriados
  2588 | D:11     | Gained mutation: Your movements are slightly less encumbered by armour. (ER -2) [mutagenic meat]
  2591 | D:11     | Gained mutation: Your spells are a little easier to cast, but a little less powerful. [mutagenic meat]
  2594 | D:11     | Gained mutation: You are frail. (-10% HP) [mutagenic meat]
  2597 | D:11     | Gained mutation: Your body sometimes deteriorates upon taking damage. [mutagenic meat]
  2648 | D:11     | Noticed a brown ugly thing
  2654 | D:11     | Killed a brown ugly thing
  2654 | D:11     | Reached skill level 10 in Unarmed Combat
  2671 | D:11     | Gained mutation: You have a somewhat thin skeletal structure. (Dex +2, Stealth) [mutagenic meat]
  2674 | D:11     | Lost mutation: Your body sometimes deteriorates upon taking damage. [mutagenic meat]
  2724 | D:11     | Noticed a cyclops
  2726 | D:11     | Noticed a cyclops
  2766 | D:11     | Killed a cyclops
  2803 | D:11     | Killed a cyclops
  2839 | D:11     | Noticed a hill giant
  2851 | D:11     | Killed a hill giant
  3034 | D:13     | Noticed a hill giant
  3047 | D:13     | Killed a hill giant
  3047 | D:13     | Reached skill level 11 in Unarmed Combat
  3106 | D:13     | Noticed a centaur warrior
  3340 | D:13     | Noticed a deep elf mage
  3341 | D:13     | Noticed a deep elf mage
  3341 | D:13     | Noticed a deep elf mage
  3426 | D:12     | Killed an unseen horror
  3426 | D:12     | Reached XP level 11. HP: 82/82 MP: 15/15
  3426 | D:12     | Killed an unseen horror
  3727 | D:13     | Noticed Sonja
  3728 | D:13     | Noticed a purple ugly thing
  3774 | D:14     | Killed an unseen horror
  3854 | D:14     | Reached ***** piety under Cheibriados
  3855 | D:14     | Noticed an ogre mage
  3855 | D:14     | Reached skill level 12 in Unarmed Combat
  3921 | D:13     | Killed a deep elf mage
  4020 | D:15     | Entered Level 15 of the Dungeon
  4062 | D:14     | Noticed a centaur warrior
  4076 | D:14     | Killed a centaur warrior
  4328 | D:15     | Killed an unseen horror
  4329 | D:15     | Noticed a centaur warrior
  4337 | D:15     | Killed a centaur warrior
  4337 | D:15     | Reached XP level 12. HP: 54/94 MP: 11/16
  4737 | D:10     | Noticed Harold
  4761 | D:10     | Killed Harold
  4926 | D:9      | Found a staircase to the Orcish Mines.
  4938 | D:9      | Found a staircase to the Lair.
  5089 | Orc:1    | Entered Level 1 of the Orcish Mines
  5103 | Orc:1    | Found Roannys's Armour Shoppe.
  5228 | Orc:2    | Entered Level 2 of the Orcish Mines
  5291 | Orc:2    | Found Kapnuh's Book Boutique.
  5304 | Orc:2    | Learned a level 4 spell: Passage of Golubria
  5466 | Orc:2    | Reached skill level 13 in Unarmed Combat
  5532 | Orc:2    | Noticed Josephine
  5541 | Orc:2    | Killed Josephine
  5567 | Orc:2    | Noticed Gruesome's ghost (journeyman SpAs)
  5573 | Orc:2    | Killed Gruesome's ghost
  5581 | Orc:2    | Found a staircase to the Elven Halls.
  5598 | Orc:2    | Shot with an arrow by a deep elf archer

Vault maps used:
D:1:      onia_arrival_zoo_common, kennysheep_decorative_pillar, minivault_19,
          minivault_25
D:2:      eat_drink_and_be_merry_uskayaw, minmay_misc_feat_plants,
          fedhas_altar_1, uniq_iyjb
D:3:      nicolae_overflow_hidden_temple, grunt_temple_overflow_diamond,
          lemuel_coloured_pillars_altar
D:4:      tso_metal_star, vehumet_crystals, first_bread, serial_glass,
          glass_columns_a, glass_columns_b, glass_columns_b, glass_columns_a,
          glass_columns_b, glass_columns_a, glass_columns_b, glass_columns_c,
          kennysheep_dice, uniq_duvessa
D:5:      kennysheep_mini
D:6:      sigmund_edmund_badplayer
D:7:      uniq_joseph
D:8:      grunt_pizzeria, grunt_ministairs_1, uniq_grum
D:9:      david_lair_generic, orc_0_dummy, serial_glass, glass_columns_c,
          glass_columns_a, glass_columns_c, due_unseen_surprise
D:10:     uniq_harold
D:13:     kennysheep_spiral_hall, elves_outpost_lemuel, uniq_sonja
D:14:     david_vaults_2, hangedman_glass_teeth
D:15:     grunt_enter_depths_hoard, kennysheep_pointless_box
Orc:1:    serial_shops, shop
Orc:2:    st_orc_pillars, serial_shops, shop, uniq_josephine, uniq_donald

Skill      XL: |  1  2  3  4  5  6  7  8  9 10 11 12 |
---------------+-------------------------------------+-----
Unarmed Combat | 3 4 5 6 8 9 11 12 13 | 13.2
Shields        | 1 2 3 4 5 6 7 |  7.8
Invocations    | 1 2 3 4 5 6 7 8 |  8.3
Dodging        | 2 3 4 5 6 7 |  7.8
Fighting       | 3 4 |  4.4
Throwing       | |  0.8
Spellcasting   | |  1.2
Translocations | |  2.1

Action                   |  1- 3 |  4- 6 |  7- 9 | 10-12 || total
-------------------------+-------+-------+-------+-------++-------
Melee: Unarmed           |    68 |   112 |   266 |   426 ||   872
       Punch             |     1 |       |       |       ||     1
Throw: Tomahawk          |       |       |       |     1 ||     1
Invok: Slouch            |       |       |       |     5 ||     5
Evoke: Wand              |       |       |     6 |     3 ||     9
  Use: Scroll            |       |     4 |     1 |    13 ||    18
       Potion            |       |       |     1 |     1 ||     2
 Stab: Paralysed         |       |       |    12 |     4 ||    16
       Sleeping          |       |       |     1 |     3 ||     4
       Distracted        |       |       |       |     1 ||     1
  Eat: Chunk             |     9 |     5 |     9 |    28 ||    51
       Beef jerky        |       |     1 |       |       ||     1
       Meat ration       |       |       |       |     1 ||     1
       Pizza             |       |       |       |     1 ||     1
Armor: Robe              |    40 |    22 |    66 |    62 ||   190
       Skin              |       |       |    42 |     8 ||    50
Dodge: Dodged            |    30 |    24 |   116 |   142 ||   312
Block: Shield            |    20 |    36 |   147 |   199 ||   402
